 Dungeon Crawl Stone Soup version 0.18.1-1-g2f07953 (webtiles) character file.

747 epen the Cutter (level 7, -5/61 HPs)
             Began as a Red Draconian Chaos Knight on May 6, 2016.
             Slain by a gnoll
             ... wielding a +0 flail
              (7 damage)
             ... on level 5 of the Dungeon.
             The game lasted 00:05:35 (3546 turns).

epen the Cutter (Red Draconian Chaos Knight)        Turns: 3546, Time: 00:05:36

Health: -5/61      AC:  7    Str: 14    XL:     7   Next: 48%
Magic:  7/7        EV: 14    Int: 12    God:    Xom [....*.]
Gold:   170        SH:  0    Dex: 13    Spells: 0 memorised, 6 levels left

rFire  + . .     SeeInvis .     u - +2 rapier (drain)
rCold  . . .     Gourm    .     (armour unavailable)
rNeg   . . .     Faith    .     (no shield)
rPois  .         Spirit   .     (helmet restricted)
rElec  .         Dismiss  .     (no cloak)
rCorr  .         Reflect  .     (no gloves)
SustAt .         Harm     .     l - +0 pair of boots
MR     .....                    (no amulet)
Stlth  +.........               (no ring)
                                (no ring)

@: not resistant to hostile enchantments, very unstealthy
A: breathe fire, unfitting armour, fire resistance 1, cold-blooded, AC +6
a: Breathe Fire, Renounce Religion


You were on level 5 of the Dungeon.
You worshipped Xom.
You were a beloved toy of Xom.
You were not hungry.

You visited 1 branch of the dungeon, and saw 5 of its levels.

You collected 170 gold pieces.

Inventory:

Hand Weapons
 a - a +0 short sword of chaos
 u - a +2 rapier of draining (weapon)
Armour
 l - a +0 pair of boots (worn)
Jewellery
 r - an uncursed amulet of dismissal
Scrolls
 d - 7 scrolls of identify {unknown}
 g - 2 scrolls of enchant armour {unknown}
 i - 2 scrolls of noise {unknown}
 j - 3 scrolls of magic mapping {unknown}
 m - 3 scrolls of remove curse {unknown}
 o - 2 scrolls of immolation {unknown}
 p - a scroll of random uselessness {unknown}
Potions
 c - 4 potions of flight {unknown}
 e - 2 potions of heal wounds {unknown}
 n - a potion of cure mutation {unknown}
 q - a potion of degeneration {unknown}
 s - 2 potions of mutation {unknown}
Comestibles
 b - 4 bread rations
 f - a slice of pizza
 h - 9 fruits
 k - a meat ration
 t - a beef jerky
 v - a chunk of flesh


   Skills:
 + Level 5.1 Fighting
 * Level 6.1 Short Blades
 * Level 5.2 Dodging


You had 6 spell levels left.
You didn't know any spells.

Dungeon Overview and Level Annotations

Branches:
Dungeon (5/15)             Temple (0/1) D:4

Altars:
Kikubaaqudgha
Xom
The Shining One

Annotations:
D:1 1 runed door


Innate Abilities, Weirdness & Mutations

You can breathe blasts of fire.
Your fiery red scales are hard (AC +6).
Your body does not fit into most forms of armour.
Your flesh is heat resistant.
You are cold-blooded and may be slowed by cold attacks.


Message History

The gnoll shaman hits you but does no damage.
The gnoll completely misses you.
You shred the net and break free!
The gnoll hits you from afar with a halberd.
* * * LOW HITPOINT WARNING * * *
The gnoll hits you with a flail.
* * * LOW HITPOINT WARNING * * *
The gnoll misses you. The gnoll hits you but does no damage.
The gnoll shaman hits you but does no damage.
You see here a throwing net.
A giant gecko comes into view.
The gnoll shaman calls upon its god to speed up the gnoll.
The gnoll seems to speed up.
You hit the giant gecko.
The giant gecko is almost dead.
The giant gecko bites you.
* * * LOW HITPOINT WARNING * * *
The gnoll hits you with a flail!
You die...
Xom chortles!

#..# #g# #..#
#.#
#..####.###.#
#......g....#
##.#####g#####
####...## #.#
#..)....# #.#
#.##...## #g#
#.###.## #@#
####.######
#l#
###..<(......#
#.# #####
....##.#####.#
#.# #....
######.# #.#
######.... #.#
#.. s.........
#.# ###
......... #.#
####.....
######.#
#.##.......


You could see a gnoll shaman, 2 gnolls and a giant gecko.

Vanquished Creatures
  2 phantoms
  An ogre (D:4)
  A jelly (D:5)
  2 orc wizards (D:4)
  An orc priest (D:3)
  3 hounds (D:4)
  4 worker ants (D:4)
  4 gnolls (D:3)
  7 adders
  2 oozes
  An adder skeleton (D:5)
  2 worms
  2 giant geckos
  13 orcs
  2 giant cockroaches
  2 goblins (D:3)
  2 hobgoblins
  3 jackals
  8 kobolds
  2 quokkas (D:4)
  2 ball pythons (D:2)
  A ball python skeleton (D:5)
  8 bats
  3 giant newts
  6 rats
84 creatures vanquished.

Notes
Turn   | Place    | Note
--------------------------------------------------------------
     0 | D:1      | epen the Draconian Chaos Knight began the quest for the Orb.
     0 | D:1      | Reached XP level 1. HP: 19/19 MP: 1/1
     0 | D:1      | Noticed a jelly
     1 | D:1      | Found a runed door.
    43 | D:1      | XOM: smoke on damage
   136 | D:1      | Reached XP level 2. HP: 17/26 MP: 2/2
   208 | D:1      | XOM: divination: detect items
   859 | D:2      | Reached XP level 3. HP: 25/31 MP: 3/3
  1442 | D:3      | Reached XP level 4. HP: 27/40 MP: 4/4
  1454 | D:3      | Found a glowing golden altar of the Shining One.
  1563 | D:3      | XOM: harmless Ice miscast
  1723 | D:3      | Reached skill level 4 in Short Blades
  1797 | D:3      | XOM: harmless Tloc miscast
  1825 | D:3      | Reached XP level 5. HP: 22/46 MP: 5/5
  2356 | D:4      | XOM: harmless Divn miscast
  2528 | D:4      | Found an ancient bone altar of Kikubaaqudgha.
  2676 | D:4      | XOM: harmless Air miscast
  2716 | D:4      | Reached XP level 6. HP: 46/53 MP: 6/6
  2724 | D:4      | Reached skill level 5 in Short Blades
  2922 | D:4      | XOM: harmless Necr miscast
  3014 | D:4      | XOM: cast spell 'Summon Butterflies'
  3091 | D:4      | XOM: cast spell 'Summon Butterflies'
  3110 | D:4      | XOM: harmless Summ miscast
  3123 | D:4      | Your scales start taking on a fiery red colour.
  3123 | D:4      | Reached XP level 7. HP: 28/60 MP: 7/7
  3123 | D:4      | Gained mutation: Your flesh is heat resistant. [Red Draconian growth]
  3336 | D:4      | Found a staircase to the Ecumenical Temple.
  3358 | D:5      | Entered Level 5 of the Dungeon
  3379 | D:5      | Reached skill level 5 in Fighting
  3411 | D:5      | XOM: potion effect (might)
  3412 | D:5      | XOM: summons 2 friendly demons
  3416 | D:5      | Reached skill level 6 in Short Blades
  3416 | D:5      | Reached skill level 5 in Dodging
  3477 | D:5      | XOM: scenery: create altars
  3529 | D:5      | HP: 3/61 [gnoll/flail (5)]
  3546 | D:5      | HP: 2/61 [giant gecko (4)]
  3546 | D:5      | Slain by a gnoll

Skill      XL: |  1  2  3  4  5  6  7 |
---------------+----------------------+-----
Dodging        | 3 4 5 |  5.2
Fighting       | 4 5 |  5.1
Short Blades   | 4 5 6 |  6.1

Action                   |  1- 3 |  4- 6 |  7- 9 || total
-------------------------+-------+-------+-------++-------
Melee: Short sword       |    96 |    91 |       ||   187
       Tailslap          |     7 |    27 |     4 ||    38
       Rapier            |       |   104 |    38 ||   142
 Stab: Paralysed         |     1 |     1 |       ||     2
       Sleeping          |     1 |     1 |       ||     2
       Petrifying        |     1 |       |       ||     1
  Eat: Chunk             |     1 |     4 |     2 ||     7
       Pizza             |       |     1 |       ||     1
Armor: Skin              |    30 |    61 |     8 ||    99
Dodge: Dodged            |    92 |   115 |    41 ||   248
